 Dungeon Crawl Stone Soup version 0.26-a0-43-g20b394cb32 (webtiles) character file.

Game seed: 10768664141744699512

1848 MarredHen the Destroyer (level 9, 0/52 HPs)
             Began as a Kobold Conjurer on June 2, 2020.
             Was a Follower of Sif Muna.
             Slain by Edmund
             ... wielding a +4 dire flail of protection
              (8 damage)
             ... on level 6 of the Dungeon.
             The game lasted 00:25:22 (8160 turns).

MarredHen the Destroyer (Kobold Conjurer)           Turns: 8160, Time: 00:25:23

Health: 0/52       AC:  6    Str:  8    XL:     9   Next: 34%
Magic:  3/16       EV: 18    Int: 19    God:    Sif Muna [*.....]
Gold:   357        SH:  0    Dex: 15    Spells: 12/18 levels left

rFire    . . .     SeeInvis .   k - +2 dagger (venom)
rCold    . . .     Gourm    .   (shield restricted)
rNeg     . . .     Faith    .   j - +2 robe
rPois    .         Spirit   .   (no helmet)
rElec    .         Reflect  .   h - +1 cloak
rCorr    .         Harm     .   (no gloves)
MR       .....                  (no boots)
Stlth    ++++......             (no amulet)
HPRegen  0.17/turn              (no ring)
MPRegen  0.15/turn              (no ring)

@: mighty
A: small, blink, carnivore, strong 1
a: Blink, Channel Magic, Renounce Religion


You were on level 6 of the Dungeon.
You worshipped Sif Muna.
Sif Muna was aware of your devotion.
You were not hungry.

You visited 1 branch of the dungeon, and saw 6 of its levels.

You collected 357 gold pieces.

Inventory:

Hand Weapons
 a - a +2 hand crossbow of freezing
 b - a +2 morningstar
 f - a +1 long sword of holy wrath
 k - a +2 dagger of venom (weapon)
 u - a +4 long sword
 y - a +4 short sword
Missiles
 p - 3 silver boomerangs (quivered)
Armour
 h - a +1 cloak (worn)
 j - a +2 robe (worn)
 r - a +0 robe of fire resistance
Wands
 s - a wand of polymorph (9)
Scrolls
 e - a scroll of fear
 g - 2 scrolls of amnesia
 i - a scroll of remove curse
 l - 6 scrolls of teleportation
 t - a scroll of identify
 v - a scroll of enchant armour
Potions
 d - a potion of stabbing
 o - a potion of degeneration {unknown}
 w - a potion of cancellation {unknown}
 x - a potion of brilliance {unknown}
 z - a potion of flight {unknown}
Comestibles
 c - 12 rations


   Skills:
 + Level 4.7 Fighting
 + Level 6.1 Dodging
 + Level 7.1 Stealth
 + Level 5.0 Spellcasting
 * Level 8.0 Conjurations


You had 12 spell levels left.
You knew the following spells:

 Your Spells              Type           Power        Failure   Level  Hunger
a - Magic Dart            Conj           ####         1%          1    None
b - Searing Ray           Conj           #####.       1%          2    #......
c - Dazzling Flash        Conj/Hex       ###...       7%          3    ##.....

Your spell library contained the following spells:

 Spells                   Type           Power        Failure   Level  Hunger
 Fulminant Prism          Conj/Hex       ###.......   24%         4    ####...
 Iskenderun's Mystic Bla  Conj/Tloc      ###.....     24%         4    ####...


Dungeon Overview and Level Annotations

Branches:
Dungeon (6/15)             Temple (0/1) D:4

Altars:
Nemelex Xobeh
Okawaru
Sif Muna
Xom

Annotations:
D:6 Edmund


Innate Abilities, Weirdness & Mutations

You are small and have problems with some larger weapons.
You are carnivorous and can eat meat at any time.
You can translocate small distances at will.
Your muscles are strong. (Str +2)


Message History

You finish channeling your searing ray.
Edmund barely misses you.
Casting: Searing Ray (safe; 1% risk of failure)
Confirm with . or Enter, or press ? or * to list all spells.
Aiming: Searing Ray (safe; 1% risk of failure)
Press: ? - help, Shift-Dir - straight line, f/p - Edmund
Aim: Edmund, wielding a +4 dire flail of protection and wearing a +0 leather armour (severely wounded)
The searing ray hits Edmund.
Edmund is severely wounded. (Press . to maintain the ray.) Edmund hits you with a +4 dire flail of protection!
The searing ray misses Edmund.
Edmund misses you.
The searing ray hits Edmund!
Edmund is almost dead.
Edmund barely misses you.
The searing ray misses Edmund.
You finish channeling your searing ray.
Edmund hits you with a +4 dire flail of protection!
* * * LOW HITPOINT WARNING * * *
You feel very mighty all of a sudden.
Edmund hits you with a +4 dire flail of protection!
You die...

......................
.......#..........†.###.
....... #.##.....†..# ##
.......###.#.#.#.#...###
#...#..#........#......
##..#.....##.##..#.....
#........####...##..###
##..@....# ......## #
##..@...# ...#...# #
##.##..##..##.... # ...
.......# ....... #...#
........ >.#.... #....
........ #..## #....
#......#. #. #... .....#
.. ##.# .


You could see Edmund.

Vanquished Creatures
  A black bear (D:4)
  An ice beast (D:5)
  An orc warrior (D:5)
  A necrophage (D:6)
  An ogre (D:5)
  A centaur (D:5)
  Blork the orc (D:5)
  2 bullfrogs (D:6)
  A big kobold (D:5)
  2 scorpions
  5 wights (D:5)
  A howler monkey (D:4)
  A centaur zombie (D:6)
  3 hounds
  3 orc priests (D:6)
  A centaur skeleton (D:6)
  2 orc wizards
  Jessica (D:4)
  3 worker ants
  A hound skeleton (D:6)
  Robin (D:4)
  7 adders
  3 adder skeletons
  5 worms (D:3)
  5 leopard geckos
  6 orcs
  3 ball pythons
  6 giant cockroaches
  19 goblins
  15 hobgoblins
  12 jackals
  28 kobolds
  A quokka (D:6)
  8 bats
  3 frilled lizards
  A giant cockroach zombie (D:5)
  A quokka skeleton (D:5)
  8 rats
  5 plants (D:5)
170 creatures vanquished.

Vanquished Creatures (others)
  5 dream sheep (D:3)
5 creatures vanquished.

Grand Total: 175 creatures vanquished

Notes
Turn   | Place    | Note
-------+----------+-------------------------------------------
     0 | D:1      | MarredHen the Kobold Conjurer began the quest for the Orb.
     0 | D:1      | Reached XP level 1. HP: 10/10 MP: 3/3
   353 | D:1      | Reached XP level 2. HP: 15/15 MP: 3/5
  1030 | D:2      | Found an iron altar of Okawaru.
  1066 | D:2      | Reached XP level 3. HP: 20/20 MP: 4/6
  1128 | D:2      | Noticed a scorpion
  1138 | D:2      | Killed a scorpion
  1138 | D:2      | Reached skill level 1 in Fighting
  1138 | D:2      | Reached XP level 4. HP: 10/25 MP: 1/7
  1592 | D:2      | Reached XP level 5. HP: 29/29 MP: 6/9
  1840 | D:2      | Reached skill level 5 in Conjurations
  2072 | D:2      | Learned a level 2 spell: Searing Ray
  2704 | D:3      | Noticed a dream sheep
  2704 | D:3      | Noticed a dream sheep
  2704 | D:3      | Noticed a dream sheep
  2704 | D:3      | Noticed a dream sheep
  2704 | D:3      | Noticed a dream sheep
  2704 | D:3      | Found a shimmering altar of Xom.
  2706 | D:3      | Killed a dream sheep
  2706 | D:3      | Killed a dream sheep
  2706 | D:3      | Killed a dream sheep
  2706 | D:3      | Killed a dream sheep
  2706 | D:3      | Reached XP level 6. HP: 35/35 MP: 7/10
  2711 | D:3      | Killed a dream sheep
  3371 | D:4      | Found a staircase to the Ecumenical Temple.
  3666 | D:4      | Noticed Robin
  3683 | D:4      | Killed Robin
  3683 | D:4      | Reached XP level 7. HP: 40/40 MP: 0/11
  4045 | D:4      | Reached skill level 6 in Conjurations
  4115 | D:4      | Noticed Jessica
  4118 | D:4      | Killed Jessica
  4143 | D:4      | Found a shimmering blue altar of Sif Muna.
  4155 | D:4      | Became a worshipper of Sif Muna the Loreminder
  4615 | D:5      | Entered Level 5 of the Dungeon
  4765 | D:5      | Reached skill level 5 in Stealth
  4949 | D:5      | Found a sparkling altar of Nemelex Xobeh.
  4978 | D:5      | Reached XP level 8. HP: 46/46 MP: 7/13
  5739 | D:5      | Reached skill level 5 in Dodging
  5883 | D:5      | Reached skill level 7 in Conjurations
  5885 | D:5      | Reached * piety under Sif Muna
  6462 | D:6      | Noticed Blork the orc
  6470 | D:5      | Gained mutation: You can translocate small distances at
                  | will. [potion of mutation]
  6470 | D:5      | Gained mutation: Your muscles are strong. (Str +2) [potion
                  | of mutation]
  6474 | D:5      | HP: 2/48 [centaur (6)]
  7456 | D:5      | Killed Blork the orc
  7481 | D:5      | Learned a level 3 spell: Dazzling Flash
  7532 | D:6      | Reached XP level 9. HP: 52/52 MP: 9/15
  7995 | D:6      | Reached skill level 5 in Spellcasting
  8112 | D:6      | Reached skill level 8 in Conjurations
  8146 | D:6      | Noticed Edmund
  8160 | D:6      | Slain by Edmund

Illustrated notes

Levels and vault maps discovered:
D:1:      evilmike_arrival_plus, layout_basic, minmay_misc_feat_chi
D:2:      layout_rooms, first_ration, okawaru_gym_becter
D:3:      minmay_spotlight, layout_loops_ring, kb_xom_exploding_sheep,
          small_statue_intersection
D:4:      black_bear_nest_2, layout_loops_cross, minmay_temple_entry_statues,
          portal_sewer_entry_f, tgw_sif, uniq_robin
D:5:      kennysheep_kobold_camp, layout_gridville, kennysheep_mini
D:6:      layout_cave_pools, uniq_edmund, uniq_blork_the_orc

Skill      XL: |  1  2  3  4  5  6  7  8  9 |
---------------+----------------------------+-----
Fighting       | 1 2 3 4 |  4.7
Dodging        | 3 4 5 6 |  6.1
Stealth        | 3 4 5 6 7 |  7.1
Conjurations   | 5 6 7 8 |  8.0
Spellcasting   | 3 4 5 |  5.0

Action                   |  1- 3 |  4- 6 |  7- 9 || total
-------------------------+-------+-------+-------++-------
Melee: Dagger            |     8 |    45 |   225 ||   278
       Unarmed           |       |     4 |     2 ||     6
 Cast: Magic Dart        |    35 |   119 |   146 ||   300
       Searing Ray       |       |    12 |    26 ||    38
Evoke: Wand              |       |       |     1 ||     1
  Use: Scroll            |     5 |       |     6 ||    11
       Potion            |       |     1 |     6 ||     7
  Eat: Chunk             |     3 |    10 |     5 ||    18
       Ration            |       |       |     4 ||     4
Armor: Robe              |       |    20 |    25 ||    45
       Skin              |       |     1 |       ||     1
Dodge: Dodged            |     3 |    86 |   117 ||   206

Table legend:
 A = Non-vault XP
 B = Vault XP
 C = Vault XP percentage of total XP
 D = Non-vault monster count
 E = Vault monster count
 F = Vault count percentage of total count
                 A         B        C        D         E       F
            +---------+---------+-------+---------+---------+-------
      Total |    2188 |     452 |  17.1 |     120 |      47 |  28.1
            +---------+---------+-------+---------+---------+-------
        D:1 |      22 |       0 |   0.0 |      13 |       0 |   0.0
        D:2 |     145 |       0 |   0.0 |      34 |       0 |   0.0
        D:3 |     201 |      14 |   6.5 |      23 |       6 |  20.7
        D:4 |     203 |     218 |  51.8 |      11 |      19 |  63.3
        D:5 |     987 |     220 |  18.2 |      20 |      22 |  52.4
        D:6 |     630 |       0 |   0.0 |      19 |       0 |   0.0
            +---------+---------+-------+---------+---------+-------
